AoeStats
← 东京节度使

Black Forest

508200359Analyzed
4v4 RM · 10d ago on Sep 21, 2026· 74m 10s· 8 players
Game mode
Random Map
Map size
Large (8 player)
Population
200
Speed
Normal
Resources
Standard
Victory
Conquest
Starting age
Dark Age
Ending age
Imperial Age
RankedLock teamsTeams togetherTeam positionsShared explorationLock speedFull tech treeHidden civsTurbo modeCheats
Victory
Defeat
🇹🇼 Magyars · Taiwan
1234
+13
🇨🇳 Lithuanians · China
1194
+14
🇹🇼 Britons · Taiwan
1192
+14
🇹🇼 Mongols · Taiwan
1105
+18
🇸🇪 Poles · Sweden
1240
-18
🇦🇷 Khmer · Argentina
1166
-15
🇨🇳 Persians · China
1140
-14
🇨🇳 Vietnamese · China
1083
-12
涛哥
0:30 Loom
11:14 Feudal Age
18:02 Castle Age
17:00 Double-Bit Axe
31:25 Horse Collar
39:05 Imperial Age
37:03 Scale Barding Armor
36:59 Scale Mail Armor
39:49 Chain Barding Armor
39:45 Chain Mail Armor
39:40 Forging
40:22 Husbandry
40:32 Bloodlines
41:27 Conscription
41:48 Plate Barding Armor
41:21 Onager
45:00 Iron Casting
48:48 Chemistry
48:37 Wheelbarrow
50:31 Squires
49:52 Pikeman
52:15 Caravan
55:32 Masonry
55:17 Gold Mining
61:07 Elite Leitis
66:34 Hand Cart
66:17 Light Cavalry
68:10 Winged Hussar
69:24 Padded Archer Armor
69:14 Fletching
70:00 Architecture
70:40 Halberdier
George
0:50 Loom
12:08 Feudal Age
14:23 Double-Bit Axe
17:17 Castle Age
15:43 Horse Collar
20:42 Wheelbarrow
24:38 Fishing Lines
25:55 Bow Saw
30:27 Imperial Age
28:14 Scale Barding Armor
28:04 Gillnets
28:54 Corvinian Army
28:52 Town Watch
29:50 Chain Barding Armor
30:48 Hand Cart
30:53 Husbandry
31:04 Bloodlines
31:32 Town Patrol
30:54 Elite Magyar Huszar
31:45 Gold Mining
33:39 Plate Barding Armor
32:32 Cavalier
35:04 Gold Shaft Mining
36:07 Paladin
38:20 Hoardings
38:28 Hoardings
41:52 Two-Man Saw
40:53 Heavy Plow
40:47 Fletching
40:58 Padded Archer Armor
41:09 Recurve Bow
41:07 Heavy Cavalry Archer
42:14 Parthian Tactics
41:55 Thumb Ring
42:16 Ballistics
42:06 Stone Mining
42:10 Capped Ram
44:37 Bodkin Arrow
45:52 Bracer
46:08 Leather Archer Armor
46:58 Chemistry
45:54 Murder Holes
48:44 Ring Archer Armor
48:47 Conscription
54:22 Crop Rotation
55:29 Chemistry
57:52 Caravan
58:33 Siege Engineers
58:08 Treadmill Crane
66:57 Masonry
69:54 Sappers
72:06 Scale Mail Armor
74:38 Coinage
DongHan
1:40 Loom
12:02 Feudal Age
14:45 Double-Bit Axe
17:13 Castle Age
14:57 Horse Collar
18:27 Bow Saw
22:10 Gold Mining
22:43 Stone Mining
23:45 Heavy Plow
26:33 Wheelbarrow
27:18 Gold Shaft Mining
27:25 Town Watch
28:14 Hand Cart
32:03 Imperial Age
29:26 Fletching
30:17 Fortified Wall
31:23 Ballistics
31:01 Bodkin Arrow
31:07 Padded Archer Armor
34:02 Warwolf
34:42 Warwolf
35:03 Conscription
34:47 Town Patrol
34:50 Bracer
35:06 Leather Archer Armor
35:35 Elite Longbowman
36:36 Yeomen
37:21 Ring Archer Armor
37:57 Chemistry
37:04 Siege Engineers
37:10 Masonry
38:58 Elite Skirmisher
40:23 Squires
39:43 Pikeman
40:47 Scale Mail Armor
40:57 Forging
41:11 Halberdier
42:08 Chain Mail Armor
44:17 Chain Mail Armor
44:38 Iron Casting
46:50 Plate Mail Armor
47:20 Blast Furnace
47:40 Two-Man Saw
48:11 Guard Tower
48:52 Architecture
48:06 Treadmill Crane
48:16 Guard Tower
48:57 Architecture
60:50 Hoardings
64:23 Scale Barding Armor
65:02 Husbandry
64:24 Light Cavalry
65:30 Chain Barding Armor
67:01 Plate Barding Armor
68:36 Caravan
xerioe023858
9:11 Loom
11:31 Feudal Age
16:08 Castle Age
14:43 Double-Bit Axe
17:47 Bow Saw
18:18 Wheelbarrow
18:39 Fishing Lines
19:02 Horse Collar
21:13 Stone Mining
21:14 Gold Mining
22:02 Gillnets
24:58 Fletching
27:29 Bodkin Arrow
30:25 Imperial Age
27:59 Padded Archer Armor
28:58 Hand Cart
28:30 Town Watch
30:44 Leather Archer Armor
31:07 Bracer
31:31 Conscription
31:36 Conscription
31:56 Bloodlines
32:18 Parthian Tactics
32:59 Chemistry
33:22 Gold Shaft Mining
33:05 Scale Barding Armor
33:03 Husbandry
33:12 Thumb Ring
35:33 Elite Mangudai
35:50 Light Cavalry
38:01 Fervor
39:47 Hussar
40:49 Chain Barding Armor
40:41 Caravan
41:19 Forging
43:14 Herbal Medicine
45:56 Iron Casting
47:06 Ballistics
46:56 Masonry
53:49 Blast Furnace
53:45 Siege Engineers
59:09 Devotion
60:13 Murder Holes
61:09 Hoardings
63:15 Fortified Wall
67:05 Scale Mail Armor
71:11 Guard Tower
True
5:27 Loom
10:43 Feudal Age
11:14 Double-Bit Axe
11:12 Fishing Lines
17:21 Castle Age
15:21 Horse Collar
18:18 Bow Saw
19:25 Town Watch
24:35 Heavy Plow
25:34 Wheelbarrow
25:38 Stone Mining
25:41 Gold Mining
30:12 Imperial Age
28:04 Scale Barding Armor
28:30 Bloodlines
28:45 Husbandry
29:35 Szlachta Privileges
29:53 Chain Barding Armor
30:18 Forging
30:14 Cavalier
31:33 Conscription
31:50 Crop Rotation
31:15 Gillnets
31:52 Hand Cart
32:46 Iron Casting
34:40 Blast Furnace
35:10 Hoardings
36:51 Chemistry
36:25 Fletching
36:59 Siege Engineers
37:46 Lechitic Legacy
37:28 Bodkin Arrow
37:46 Masonry
38:45 Bracer
38:54 Light Cavalry
40:42 Padded Archer Armor
41:25 Town Patrol
41:48 Caravan
41:21 Winged Hussar
41:40 Capped Ram
41:42 Onager
41:48 Onager
42:52 Siege Ram
52:27 Ballistics
52:04 Murder Holes
not.matiasz
2:00 Loom
11:19 Feudal Age
15:46 Castle Age
15:46 Scale Barding Armor
15:30 Double-Bit Axe
15:28 Horse Collar
18:37 Chain Barding Armor
30:06 Imperial Age
37:02 Wheelbarrow
42:50 Heavy Scorpion
54:53 Chemistry
54:14 Ballistics
55:41 Siege Engineers
57:30 Scale Mail Armor
57:41 Forging
57:31 Pikeman
57:57 Arson
58:31 Chain Mail Armor
58:26 Halberdier
60:39 Iron Casting
62:33 Blast Furnace
东京节度使
0:31 Loom
11:21 Feudal Age
14:07 Double-Bit Axe
18:04 Castle Age
16:39 Horse Collar
19:43 Bow Saw
22:23 Wheelbarrow
23:44 Heavy Plow
23:52 Gold Mining
24:52 Stone Mining
26:37 Hand Cart
26:08 Town Watch
27:39 Elite Skirmisher
29:17 Fletching
31:57 Imperial Age
29:42 Forging
29:33 Scale Mail Armor
29:56 Ballistics
29:45 Pikeman
30:25 Squires
31:11 Caravan
33:39 Chemistry
33:00 Bodkin Arrow
33:40 Iron Casting
32:36 Imperial Skirmisher
33:22 Thumb Ring
34:09 Bracer
34:50 Paper Money
37:24 Two-Man Saw
36:57 Crop Rotation
39:06 Scale Mail Armor
39:07 Padded Archer Armor
40:29 Halberdier
41:30 Chain Mail Armor
41:31 Leather Archer Armor
42:16 Town Patrol
46:13 Stone Shaft Mining
48:26 Arson
49:23 Hoardings
49:22 Ring Archer Armor
49:23 Plate Mail Armor
50:44 Siege Engineers
50:21 Treadmill Crane
64:46 Elite Battle Elephant
65:26 Husbandry
65:37 Bloodlines
65:29 Chatras
65:39 Scale Barding Armor
70:27 Cavalier
71:32 Chain Barding Armor
alex950
2:29 Loom
11:02 Feudal Age
17:30 Castle Age
16:43 Double-Bit Axe
17:57 Wheelbarrow
22:32 Horse Collar
29:05 Gold Mining
29:22 Scale Barding Armor
31:18 Hand Cart
33:46 Imperial Age
31:48 Chain Barding Armor
31:38 Forging
31:35 Stone Mining
32:38 Bloodlines
32:28 Husbandry
33:57 Iron Casting
33:37 Elite War Elephant
34:29 Heavy Plow
34:57 Conscription
35:27 Plate Barding Armor
37:08 Blast Furnace
37:08 Bow Saw
37:55 Thumb Ring
37:13 Elite Skirmisher
37:56 Fletching
38:07 Padded Archer Armor
39:04 Bodkin Arrow
40:03 Leather Archer Armor
39:52 Capped Ram
41:53 Two-Man Saw
40:50 Imperial Skirmisher
43:21 Ring Archer Armor
43:14 Ballistics
47:20 Crop Rotation
49:52 Scale Mail Armor
50:55 Chemistry
50:54 Caravan
52:18 Light Cavalry
53:40 Chain Mail Armor
53:24 Murder Holes
57:27 Pikeman
70:07 Halberdier
Connection lost

Rejoining the realm…

Still unreachable

The connection could not be restored.

Session expired

The server has moved on; the page needs a fresh start.